 Dungeon Crawl Stone Soup version 0.32-a0-876-gcfddb08e57 (webtiles) character file.

Game seed: 14964716451167461460

188796 jasper the Severer (level 17, -25/255 HPs)
             Began as a Minotaur Berserker on Mar 31, 2024.
             Was a High Priest of Trog.
             Annihilated by a faun
             ... wielding a +0 spear
             ... led by a satyr
              (27 damage)
             ... on level 2 of the Shoals.
             The game lasted 00:43:26 (26070 turns).

jasper the Severer (Minotaur Berserker)            Turns: 26070, Time: 00:43:27

Health: -25/255    AC: 35    Str: 36      XL:     17   Next: 48%
Magic:  16/16      EV: 12    Int:  3 (4)  God:    Trog [*****.]
Gold:   730        SH:  0    Dex:  7 (9)  Spells: 16/16 levels left

rFire   + . .        G - +3 battleaxe (holy)
rCold   + . .        (shield currently unavailable)
rNeg    . . .        z - +4 plate armour {rF+}
rPois   +            e - +1 hat
rElec   +            P - +0 cloak
rCorr   +            x - +0 pair of gloves
SInv    .            n - +2 pair of boots
Will    ++++.        N - amulet of regeneration Stlth
                     c - ring "Qazxus" {rElec Will+ AC+4}
HPRegen 2.42/turn    E - ring "Wije" {rPois rC+ rCorr Str+5}
MPRegen 0.15/turn

%: no passive effects
@: berserking, strong-willed, regenerating, very quick
A: horns 2, retaliatory headbutt
}: 1/15 runes: gossamer
a: Renounce Religion, Berserk, Trog's Hand, Brothers in Arms


You were on level 2 of the Shoals.
You worshipped Trog.
Trog was extremely pleased with you.
You visited 5 branches of the dungeon, and saw 28 of its levels.

You collected 2646 gold pieces.
You spent 1916 gold pieces at shops.

Inventory:

Hand Weapons
 a - a +5 heavy executioner's axe
 G - a +3 battleaxe of holy wrath (weapon)
 W - a +0 antimagic executioner's axe
Missiles
 w - 3 javelins
 B - a throwing net (quivered)
 M - 6 silver javelins
 R - 15 boomerangs
 Y - 8 curare-tipped darts
Armour
 e - a +1 hat (worn)
 n - a +2 pair of boots (worn)
 x - a +0 pair of gloves (worn)
 z - a +4 plate armour of fire resistance (worn)
 P - a +0 cloak (worn)
Jewellery
 c - the ring "Qazxus" (left hand) {rElec Will+ AC+4}
   (You found it on level 2 of the Spider Nest)

   [ring of protection]

   AC+4:      It affects your AC (+4).
   rElec:     It insulates you from electricity.
   Will+:     It increases your willpower.
 i - a ring of see invisible
 j - a ring of positive energy
 k - a ring of positive energy
 E - the ring "Wije" (right hand) {rPois rC+ rCorr Str+5}
   (You bought it in a shop on level 2 of the Orcish Mines)

   [ring of resist corrosion]

   Str+5:     It affects your strength (+5).
   rC+:       It protects you from cold.
   rPois:     It protects you from poison.
   rCorr:     It protects you from acid and corrosion.
 H - a +5 ring of evasion
 N - an amulet of regeneration (around neck)
 T - a ring of flight
Wands
 f - a wand of light (12)
 q - a wand of flame (49)
 u - a wand of mindburst (22)
 v - a wand of warping (16)
 y - a wand of polymorph (11)
 O - a wand of charming (22)
Scrolls
 d - 3 scrolls of fear
 h - 3 scrolls of poison
 l - 3 scrolls of enchant armour
 r - 11 scrolls of teleportation
 A - 2 scrolls of immolation
 C - 5 scrolls of identify
 L - 5 scrolls of vulnerability
 Q - a scroll of summoning
 S - 5 scrolls of blinking
 V - 5 scrolls of revelation
 X - 4 scrolls of fog
Potions
 b - a potion of magic
 g - 4 potions of lignification
 m - 10 potions of curing
 o - 6 potions of mutation
 p - 3 potions of enlightenment
 s - a potion of berserk rage
 D - 9 potions of ambrosia
 F - 10 potions of haste
 I - 4 potions of might
 J - a potion of heal wounds
 K - 2 potions of cancellation
 U - 6 potions of attraction
Miscellaneous
 t - a phial of floods
 Z - a phantom mirror


   Skills:
 - Level 20.0 Fighting
 - Level 20.0 Axes
 - Level 20.0 Armour
 + Level 16.0 Dodging


You had 16 spell levels left.
You didn't know any spells.
Your spell library was empty.

Dungeon Overview and Level Annotations

Branches:
Dungeon (15/15)            Temple (0/1) D:4            Lair (5/5) D:9
 Shoals (2/4) Lair:3       Spider (4/4) Lair:3        Slime (0/5) Lair:4
    Orc (2/2) D:9             Elf (0/3) Orc:2        Vaults (0/5) D:13
 Depths (0/4) D:15

Altars:
Ashenzari
Dithmenos
Elyvilon
Gozag
Nemelex Xobeh
Sif Muna
Yredelemnul
Zin

Shops:
D:4 [   D:7 **   D:8 *   D:12 *   Orc:1 (   Orc:2 [*(=   Shoals:1 [


Innate Abilities, Weirdness & Mutations

You have a pair of horns on your head.
You reflexively headbutt those who attack you in melee.


Message History

The satyr radiates an aura of fear!
You easily resist.
You take 23 damage, and have 41/170 hp.
You closely miss the faun. Your headbutt misses the faun.
The faun is heavily wounded.
The faun misses you.
You regained 2 hp, and now have 43/170 hp.
The satyr unwields a +0 spear.
The satyr wields a +0 longbow.
The satyr shoots an arrow.
The arrow hits you!!
* * * LOW HITPOINT WARNING * * *
The faun hits you but does no damage. The faun barely misses you.
The faun hits you with a +1 vampiric spear!!
* * * LOW HITPOINT WARNING * * *
Things that are here:
a +0 spear; a +0 sling You take 40 damage, and have 3/170 hp.
MASSIVE DAMAGE!!
You slash the satyr!
The satyr is lightly wounded.
You closely miss the faun. You slice the faun!!
The satyr shoots an arrow.
The arrow barely misses you.
The arrow barely misses the faun.
You regained 2 hp, and now have 5/170 hp.
You feel much better.
The faun hits you but does no damage. x3
The satyr plays a frightful melody on its pipes!
The satyr radiates an aura of fear!
You resist with almost no effort.
You regained 24 hp, and now have 29/170 hp.
A red film seems to cover your vision as you go berserk!
You feel yourself moving faster!
You feel mighty!
The faun hits you from afar with a +0 spear!
* * * LOW HITPOINT WARNING * * *
The faun hits you with a +0 spear!!
* * * LOW HITPOINT WARNING * * *
The faun casts a spell at you. You resist with almost no effort.
The satyr shoots an arrow.
The arrow hits you!
* * * LOW HITPOINT WARNING * * *
You slice the satyr!! Your headbutt misses the satyr.
The satyr is moderately wounded.
You slash the faun! You hit the faun. The faun hits you with a +0 spear.
* * * LOW HITPOINT WARNING * * *
The faun hits you from afar with a +0 spear!!
You die...

≈≈≈≈≈≈≈≈≈≈≈≈~~.~~~
≈≈≈≈≈≈≈≈≈≈≈≈~~~~~.
≈≈≈≈≈≈~~~~~~~~~...
≈≈≈≈≈~~~~~~~~~....
≈≈≈≈~~~~........
≈≈≈≈~~~...c...
≈≈≈≈≈~~.##cc#
≈≈≈≈≈~~<##@#
≈≈≈≈≈~~.))c#
≈≈≈≈≈~~~...##
≈≈≈≈≈~~~~~..#...
≈≈≈≈≈≈~~~~~....~
≈≈≈≈≈≈≈≈~~~~~~~.~
≈≈≈≈≈≈≈≈≈~~~~~~.#
≈≈≈≈≈≈≈≈≈≈≈~~...#
≈≈≈≈≈≈≈≈≈≈≈~....


You could see a satyr and 3 fauns.

Vanquished Creatures
  Arachne (Spider:4)
  The ghost of Detyups the Grappler, an adept VSFi of Ashenzari (Shoals:1)
  4 ghost moths
  6 emperor scorpions
  The ghost of DrFunkyFeet the Necromancer, an adept FeSu of Jiyva (Spider:2)
  2 orc warlords (Orc:1)
  2 broodmothers (Spider:4)
  An ironbound preserver (D:13)
  Nessos (D:14)
  7 entropy weavers
  2 merfolk javelineers (Shoals:2)
  A fire dragon (Lair:5)
  Fannar (Lair:3)
  7 hydras
  A catoblepas (Lair:5)
  A rakshasa (D:15)
  A merfolk aquamancer (Shoals:2)
  2 radroaches (Spider:3)
  5 centaur warriors
  4 two-headed ogres
  Erica (Orc:1)
  2 merfolk avatars (Shoals:2)
  4 boulder beetles
  3 orc high priests
  A death scarab (Spider:2)
  4 death yaks
  5 tengu warriors
  A death knight (D:14)
  2 occultists (D:15)
  11 demonic crawlers
  Urug (Lair:2)
  A fire crab (Lair:5)
  9 skysharks
  3 pharaoh ants
  6 sea snakes
  A spectral ghost moth (Spider:2)
  14 orb spiders
  A phantasmal warrior (D:14)
  12 steelbarb worms
  A sun moth (Spider:1)
  A necromancer (D:15)
  A harpy (shapeshifter) (D:14)
  3 harpies (Shoals:2)
  6 deep elf pyromancers
  15 wolf spiders
  5 orc knights
  2 spectral wolf spiders (Spider:2)
  A wolf spider zombie (D:15)
  9 ugly things
  Maurice (D:8)
  9 orc sorcerers
  A faun (Shoals:2)
  7 moths of wrath
  12 cyclopes
  3 merfolk sirens
  2 kobold blastminers (Orc:2)
  10 manticores
  A centaur zombie (D:15)
  3 black mambas
  4 water nymphs
  3 molten gargoyles (Lair:5)
  A gargoyle (D:13)
  2 unseen horrors (D:11)
  12 cane toads
  3 torpor snails
  A freezing wraith (D:14)
  2 centaur skeletons (D:15)
  A kobold demonologist (D:13)
  An unseen horror (shapeshifter) (D:13)
  10 komodo dragons
  A tengu conjurer (D:15)
  A rime drake (Lair:5)
  8 merfolk
  A wind drake (Shoals:1)
  A hornet (D:9)
  11 trolls
  4 wolf spider simulacra
  25 tarantellas
  10 dream sheep
  13 blink frogs
  3 slime creatures (D:14)
  27 jumping spiders
  20 culicivoras
  3 snapping turtles (Shoals:1)
  A centaur simulacrum (D:14)
  3 vampires (D:12)
  26 yaks
  2 shadows (D:9)
  4 wraiths
  6 wyverns
  3 water elementals (Shoals:2)
  Grum (D:9)
  2 wargs (Orc:2)
  5 basilisks
  5 steam dragons
  41 redbacks
  A spectral entropy weaver (Spider:2)
  5 vampire mosquitoes
  10 water moccasins
  Edmund (D:6)
  2 acid dragons
  4 hell hounds (Lair:5)
  28 orc warriors
  A sky beast (D:7)
  3 black bears
  20 wolves
  8 ogres
  8 centaurs
  Blork the orc (D:4)
  A kobold brigand (D:9)
  3 scorpions
  11 bullfrogs
  2 entropy weaver simulacra (Spider:2)
  4 wights (D:8)
  5 killer bees (D:10)
  A howler monkey (D:9)
  4 hounds
  6 lava snakes
  A gnoll bouda (D:9)
  17 orc priests
  A jelly (D:7)
  Ijyb (D:5)
  26 orc wizards
  6 iguanas
  4 hell rats (Lair:5)
  7 gnolls
  7 adders
  6 river rats (Lair:5)
  A shadow imp (D:8)
  3 white imps
  4 dart slugs
  85 orcs
  4 bats
  5 endoplasms
  9 goblins
  8 hobgoblins
  7 jackals
  5 quokkas
  9 ball pythons
  3 frilled lizards
  12 kobolds
  10 rats
863 creatures vanquished.

Vanquished Creatures (collateral kills)
  Jorgrun (D:12)
  A death knight (D:9)
  2 yaks (D:9)
  An orc warrior (D:9)
  A wight (D:9)
  A killer bee (D:9)
7 creatures vanquished.

Vanquished Creatures (others)
  A hell hound (Lair:5)
  An orc (Orc:1)
2 creatures vanquished.

Grand Total: 872 creatures vanquished

Notes
Turn   | Place    | Note
-------+----------+-------------------------------------------
     0 | D:1      | jasper the Minotaur Berserker began the quest for the Orb.
     0 | D:1      | Reached XP level 1. HP: 19/19 MP: 0/0
   148 | D:1      | Reached XP level 2. HP: 26/26 MP: 1/1
   419 | D:1      | Reached skill level 5 in Axes
   876 | D:2      | Reached XP level 3. HP: 31/31 MP: 2/2
   878 | D:2      | Reached ** piety under Trog
   989 | D:2      | Found a shimmering blue altar of Sif Muna.
  1491 | D:2      | You fall into a shaft and drop 1 floor!
  1527 | D:3      | Reached XP level 4. HP: 36/39 MP: 3/3
  1936 | D:3      | Found a glowing silver altar of Zin.
  1957 | D:3      | Found a broken altar of Ashenzari.
  2390 | D:4      | Found an opulent altar of Gozag.
  2392 | D:4      | Noticed Blork the orc
  2392 | D:4      | Noticed a black bear
  2402 | D:4      | Killed Blork the orc
  2403 | D:4      | Reached XP level 5. HP: 45/45 MP: 4/4
  2407 | D:4      | Killed a black bear
  2467 | D:4      | Reached XP level 6. HP: 51/51 MP: 5/5
  2542 | D:4      | Found Iwinoahoo's Antique Armour Shop.
  2619 | D:4      | Reached *** piety under Trog
  2692 | D:4      | Found a staircase to the Ecumenical Temple.
  3490 | D:5      | Entered Level 5 of the Dungeon
  3604 | D:5      | Reached XP level 7. HP: 57/57 MP: 6/6
  3681 | D:5      | Reached skill level 10 in Axes
  3682 | D:5      | Noticed Ijyb
  3690 | D:5      | Killed Ijyb
  3915 | D:5      | Identified the +5 scale mail "Hiuseim" {Fly Str+3 Dex+3}
  4562 | D:6      | Identified the +5 ring mail of the Hidden Vale {rN++ Int-5}
  4573 | D:6      | Reached XP level 8. HP: 62/64 MP: 7/7
  4587 | D:6      | Noticed Edmund
  4598 | D:6      | Killed Edmund
  4824 | D:6      | Identified the +4 chain mail "Puqorph" {rElec Stlth+}
  5073 | D:7      | Found a shadowy altar of Dithmenos.
  5085 | D:7      | Reached **** piety under Trog
  5723 | D:7      | Reached XP level 9. HP: 70/71 MP: 8/8
  5774 | D:7      | Found Xufuriask's Assorted Antiques.
  5780 | D:7      | Bought a scroll of identify for 44 gold pieces
  5780 | D:7      | Bought a black potion for 19 gold pieces
  5780 | D:7      | Bought a scroll labelled IMPAPLAUFA for 22 gold pieces
  5780 | D:7      | Bought a potion of haste for 220 gold pieces
  5780 | D:7      | Bought a scroll labelled VIODAQ NESK for 22 gold pieces
  5793 | D:7      | Found Waari Norit's Assorted Antiques.
  6373 | D:8      | Reached skill level 5 in Fighting
  6386 | D:8      | Noticed a two-headed ogre
  6395 | D:8      | Killed a two-headed ogre
  6396 | D:8      | Reached skill level 5 in Armour
  6499 | D:8      | Noticed Maurice
  6516 | D:8      | Maurice stole a +4 dire flail of protection
  6518 | D:8      | Killed Maurice
  6519 | D:8      | Reached skill level 5 in Dodging
  6682 | D:8      | Found Waomenn's CLEARANCE SALE!.
  6690 | D:8      | Bought a scroll of blinking for 37 gold pieces
  6690 | D:8      | Bought a potion of cancellation for 40 gold pieces
  6850 | D:8      | Reached XP level 10. HP: 73/86 MP: 9/9
  6892 | D:8      | Found a sparkling altar of Nemelex Xobeh.
  6892 | D:8      | Found a shimmering blue altar of Sif Muna.
  7133 | D:9      | Found a staircase to the Lair.
  7133 | D:9      | Noticed Grum
  7146 | D:9      | Killed Grum
  7210 | D:9      | Found a staircase to the Orcish Mines.
  7424 | D:9      | Found a basalt altar of Yredelemnul.
  7490 | D:9      | Found a white marble altar of Elyvilon.
  7609 | D:9      | Reached ***** piety under Trog
  7844 | D:9      | Noticed a two-headed ogre
  7890 | D:9      | Killed a two-headed ogre
  7899 | D:9      | Noticed a death knight
  7910 | D:9      | Reached XP level 11. HP: 89/97 MP: 10/10
  7915 | D:9      | Killed a death knight
  8051 | D:10     | Entered Level 10 of the Dungeon
  8089 | D:10     | Reached skill level 10 in Fighting
  8463 | D:11     | Identified the +5 great sword "Secu" {flame, *Rage rPois
                  | rC+ SInv} (Trog gifted it to you on level 11 of the
                  | Dungeon)
  8463 | D:11     | Received a gift from Trog
  8542 | D:11     | Noticed a two-headed ogre
  8552 | D:11     | Killed a two-headed ogre
  8553 | D:11     | Reached skill level 15 in Axes
  8841 | D:11     | Noticed a cyan ugly thing
  8849 | D:11     | Killed a cyan ugly thing
  9131 | Lair:1   | Entered Level 1 of the Lair of Beasts
  9881 | Lair:2   | Reached XP level 12. HP: 106/106 MP: 11/11
  9999 | Lair:2   | Identified the maw talisman of the Lusting Gods {Str+4
                  | Int+2}
 10205 | Lair:2   | Found a glowing silver altar of Zin.
 10277 | Lair:2   | Noticed Urug
 10291 | Lair:2   | Killed Urug
 10635 | Lair:3   | Found a hole to the Spider Nest.
 11003 | Lair:3   | Noticed Fannar
 11018 | Lair:3   | Killed Fannar
 11048 | Lair:3   | Noticed a five-headed hydra
 11060 | Lair:3   | Killed a five-headed hydra
 11225 | Lair:3   | Found a staircase to the Shoals.
 11579 | D:4      | Bought a runed hat for 175 gold pieces
 11873 | Lair:4   | Noticed a six-headed hydra
 11894 | Lair:4   | Killed a six-headed hydra
 12020 | Lair:4   | Noticed a seven-headed hydra
 12040 | Lair:4   | Killed a seven-headed hydra
 12110 | Lair:4   | Reached skill level 10 in Armour
 12120 | Lair:4   | Found a staircase to the Slime Pits.
 12167 | Lair:4   | Noticed a death yak
 12171 | Lair:4   | Noticed a death yak
 12172 | Lair:4   | Noticed a death yak
 12172 | Lair:4   | Noticed a death yak
 12178 | Lair:4   | Killed a death yak
 12179 | Lair:4   | Reached XP level 13. HP: 114/114 MP: 12/12
 12688 | Lair:5   | Entered Level 5 of the Lair of Beasts
 12694 | Lair:5   | Received a gift from Trog
 12945 | Lair:5   | Reached skill level 10 in Dodging
 13657 | Lair:5   | Found a large runed translucent door.
 13657 | Lair:5   | Found a large runed translucent door.
 13696 | Lair:5   | Noticed a fire dragon
 13708 | Lair:5   | Killed a fire dragon
 14250 | Orc:1    | Entered Level 1 of the Orcish Mines
 14389 | Orc:1    | Found Okkopn's Antique Weapon Shop.
 14421 | Orc:2    | Entered Level 2 of the Orcish Mines
 14442 | Orc:1    | Noticed Erica
 14448 | Orc:1    | Noticed Sonja
 14451 | Orc:1    | Killed Erica
 14455 | Orc:1    | Sonja changed into Sonja the entropy weaver
 14455 | Orc:1    | Noticed Sonja
 14466 | Orc:1    | Killed Sonja the entropy weaver
 14617 | Orc:1    | Received a gift from Trog
 14674 | Orc:1    | Noticed an orc warlord
 14695 | Orc:1    | Killed an orc warlord
 14804 | Orc:2    | Reached XP level 14. HP: 129/129 MP: 13/13
 14908 | Orc:2    | Noticed an orc warlord
 15026 | Orc:1    | Killed an orc warlord
 15353 | Orc:2    | Paralysed by an orc sorcerer for 2 turns
 15380 | Orc:2    | Received a gift from Trog
 15519 | Orc:2    | Found Qudwig's Antique Armour Shop.
 15520 | Orc:2    | Found Qier Ote's Antique Weapon Shop.
 15522 | Orc:2    | Found Cily Aki's General Store.
 15522 | Orc:2    | Found Deneun Feudd's Jewellery Boutique.
 15538 | Orc:2    | Bought a potion of haste for 160 gold pieces
 15538 | Orc:2    | Bought a scroll of revelation for 120 gold pieces
 15539 | Orc:2    | Bought the ring "Wije" {rPois rC+ rCorr Str+5} for 487 gold
                  | pieces
 15614 | Orc:2    | Found a staircase to the Elven Halls.
 16284 | D:12     | Noticed Jorgrun
 16290 | D:12     | Killed Jorgrun
 16660 | D:12     | Found Keryut's General Store.
 16996 | D:13     | Noticed an ironbound preserver
 16997 | D:13     | Found a gate to the Vaults.
 17008 | D:13     | Killed an ironbound preserver
 17727 | D:14     | Identified the +9 executioner's axe "Ataogy" {heavy, *Slow
                  | Fly Will- SInv} (Trog gifted it to you on level 14 of the
                  | Dungeon)
 17727 | D:14     | Received a gift from Trog
 17892 | D:14     | Reached skill level 15 in Fighting
 17929 | D:14     | Reached XP level 15. HP: 99/141 MP: 4/14
 18318 | D:14     | Noticed Nessos
 18331 | D:14     | Killed Nessos
 18421 | D:15     | Entered Level 15 of the Dungeon
 18611 | D:15     | Reached skill level 15 in Armour
 18841 | D:15     | Found a staircase to the Depths.
 19514 | Spider:1 | Entered Level 1 of the Spider Nest
 19748 | Spider:1 | Received a gift from Trog
 20815 | Spider:2 | Received a gift from Trog
 20858 | Spider:2 | Reached XP level 16. HP: 147/157 MP: 15/15
 21241 | Spider:2 | Identified the +8 whip "Wyfoist" {flame, rElec Will+ Int-2
                  | Stlth+}
 21292 | Spider:2 | Identified the +4 orcbow of Cruel Justice {flame, rN+
                  | Str+4}
 21317 | Spider:2 | Found a transporter.
 21317 | Spider:2 | Noticed DrFunkyFeet's ghost (adept FeSu)
 21358 | Spider:2 | Found a transporter.
 21586 | Spider:2 | Killed DrFunkyFeet's ghost
 21599 | Spider:2 | Identified the ring "Qazxus" {rElec Will+ AC+4}
 22494 | Spider:3 | Received a gift from Trog
 22723 | Spider:4 | Entered Level 4 of the Spider Nest
 23195 | Spider:4 | Noticed Arachne
 23229 | Spider:4 | Killed Arachne
 23961 | Spider:4 | Reached XP level 17. HP: 128/170 MP: 2/16
 24239 | Spider:4 | Got a gossamer rune of Zot
 24526 | Shoals:1 | Entered Level 1 of the Shoals
 24695 | Shoals:1 | Found Goujy's Antique Armour Boutique.
 24706 | Shoals:1 | Bought a pair of glowing boots for 285 gold pieces
 24706 | Shoals:1 | Bought a pair of embroidered boots for 285 gold pieces
 25136 | Shoals:1 | Found a large runed translucent door.
 25211 | Shoals:1 | Found a large runed translucent door.
 25243 | Shoals:1 | Received a gift from Trog
 25256 | Shoals:1 | Noticed Detyups's ghost (adept VSFi)
 25268 | Shoals:1 | Killed Detyups's ghost
 25484 | Shoals:2 | Reached skill level 15 in Dodging
 26066 | Shoals:2 | HP: 3/170 [faun/+1 vampiric spear[a satyr] (23)]
 26070 | Shoals:2 | Annihilated by a faun

Illustrated notes

Levels and vault maps discovered:
D:1:      nagdon_arrival_zigzag_paths, layout_basic, serial_bayou_lagoon_a
D:2:      minmay_spotlight, layout_basic, basic_altar
D:3:      layout_loops_cross, mainiacjoe_overflow_six_doors_small,
          lemuel_tele_altar
D:4:      layout_basic, mainiacjoe_overflow_concentric_impassable,
          minmay_temple_entry_hall, serial_shops,
          nicolae_shop_overgrown_old_shop, st_stairs_5, nicolae_hexahallways,
          uniq_blork_the_orc
D:5:      layout_loops_ring, uniq_ijyb
D:6:      layout_loops_ring, uniq_edmund
D:7:      layout_loops_ring, nicolae_dithmenos_the_darkroom, serial_shops, shop,
          nicolae_shop_overgrown_old_shop
D:8:      cheibrodos_steamvent, layout_basic, gammafunk_temple_overflow_wave,
          nicolae_shop_clearance, uniq_maurice
D:9:      layout_roguey, kennysheep_ying_yang, lair_entry_dummy, orc_0_dummy,
          serial_rivers, chequers_serial_rivers_micro_e,
          chequers_serial_rivers_large_a, chequers_serial_rivers_micro_c,
          chequers_serial_rivers_room_a, evilmike_minifort, uniq_grum
D:10:     layout_big_octagon, corner_web_ring
D:11:     layout_rooms, hangedman_decor_push
D:12:     layout_irregular_city, serial_shops, nicolae_shop_tiny_statue_garden,
          kennysheep_generic_room_7, uniq_jorgrun
D:13:     layout_loops_corners, skrybe_vaults_entry_preservation
D:14:     layout_basic, chequers_serial_rivers_micro_d, uniq_nessos
D:15:     grunt_enter_depths_magical_seal, layout_irregular_city,
          nicolae_figureground_sparkle
Lair:1:   layout_gridlike
Lair:2:   layout_gridlike, basic_altar, st_stairs_8, grunt_megastairs_1,
          uniq_urug
Lair:3:   layout_regular_city, elwin_shoals_entry_rocks,
          spider_nest_entry_rubble, infiniplex_staircase_pool_2, uniq_fannar
Lair:4:   layout_regular_city, slime_entry_1, lemuel_fruit_tree
Lair:5:   cheibrodos_lair_end_hotspot, layout_cave_pods,
          kennysheep_abandoned_house
Shoals:1: layout_shoals, serial_shops, nicolae_shop_statue_plus,
          ebering_ghost_disaster_area
Shoals:2: layout_shoals
Spider:1: layout_spider_delve
Spider:2: layout_cave_pods, gammafunk_ghost_mausoleum, worms_lemuel
Spider:3: layout_spider_delve
Spider:4: guppyfry_spider_rune, uniq_arachne
Orc:1:    layout_caves, serial_shops, nicolae_shop_peninsula, uniq_sonja,
          uniq_erica
Orc:2:    st_orc_congregation, layout_diamond_mine

Skill      XL: |  1  2  3  4  5  6  7  8  9 10 11 12 13 14 15 16 17 |
---------------+----------------------------------------------------+-----
Axes           | 4 5 7 8 9 11 14 17 20 | 20.0
Fighting       | 4 7 9 10 13 15 17 20 | 20.0
Armour         | 3 6 9 10 12 14 15 18 20 | 20.0
Dodging        | 5 8 9 11 13 14 16 | 16.0

Action                     |  1- 3 |  4- 6 |  7- 9 | 10-12 | 13-15 | 16-18 || total
---------------------------+-------+-------+-------+-------+-------+-------++-------
  Melee: Hand axe          |   118 |    77 |   241 |   152 |       |       ||   588
         Headbutt          |    18 |     8 |    51 |    78 |   198 |   132 ||   485
         Battleaxe         |       |       |       |   250 |   838 |   626 ||  1714
         Dire flail        |       |       |       |    22 |     4 |       ||    26
 Invoke: Berserk           |       |     2 |     2 |     2 |     2 |     2 ||    10
         Trog's Hand       |       |       |     3 |     3 |     6 |     5 ||    17
         Brothers in Arms  |       |       |       |       |     2 |     1 ||     3
  Evoke: Phantom mirror    |       |       |       |     1 |       |       ||     1
         Wand              |       |       |       |       |     4 |     7 ||    11
    Use: Scroll            |       |    11 |     9 |     6 |     3 |     1 ||    30
         Potion            |       |       |       |       |     3 |     7 ||    10
 Armour: Animal skin       |     6 |       |       |       |       |       ||     6
         Scale mail        |     6 |       |   133 |   191 |   159 |       ||   489
         Chain mail        |    75 |    63 |    21 |       |       |       ||   159
         Plate armour      |       |       |       |       |   714 |  1010 ||  1724
  Dodge: Dodged            |    53 |    24 |    98 |   424 |  1013 |   449 ||  2061

Table legend: (Time is in decaauts)
 A = Elapsed time spent in this place.
 B = Non-inter-level travel time spent in this place.
 C = Inter-level travel time spent in this place.
 D = Time resting spent in this place.
 E = Time spent auto-exploring this place.
 F = Levels seen in this place.
 G = Mean time per level.
                   A        B        C        D        E       F      G
               +--------+--------+--------+--------+--------+-----+--------+
         Total |  25695 |  23674 |   2021 |   1622 |  16895 |  28 |  917.7 |
       Dungeon |  12885 |  11780 |   1105 |    602 |   9024 |  15 |  859.0 |
          Lair |   4749 |   4417 |    332 |    162 |   3382 |   5 |  949.8 |
        Shoals |   1606 |   1540 |     66 |     36 |    962 |   2 |  803.0 |
   Spider Nest |   4868 |   4408 |    460 |    524 |   2704 |   4 | 1217.0 |
  Orcish Mines |   1585 |   1529 |     56 |    297 |    822 |   2 |  792.5 |
               +--------+--------+--------+--------+--------+-----+--------+

Top non-repeatable levels by time:
Spider:4: 1680 daAuts
  Lair:5: 1409 daAuts
     D:7: 1181 daAuts
     D:9: 1119 daAuts
Spider:1: 1102 daAuts
     D:4: 1083 daAuts
Spider:2: 1054 daAuts
Shoals:1: 1031 daAuts
Spider:3: 1030 daAuts
    D:13: 1024 daAuts
  Lair:3: 922 daAuts
     D:6: 869 daAuts
    D:15: 866 daAuts
   Orc:1: 859 daAuts
  Lair:2: 844 daAuts
